 Dungeon Crawl Stone Soup version 0.31-a0-816-gd61d57ddb1 (webtiles) character file.

Game seed: 14969819700445778506

2 Dirtsage the Trooper (level 1, -2/18 HPs)
             Began as a Demonspawn Fighter on Sept 22, 2023.
             Slain by a kobold
             ... wielding a +3 short sword of holy wrath
              (4 damage)
             ... on level 1 of the Dungeon.
             The game lasted 00:00:12 (88 turns).

Dirtsage the Trooper (Demonspawn Fighter)             Turns: 88, Time: 00:00:12

Health: -2/18      AC:  6    Str: 16    XL:     1   Next: 33%
Magic:  1/1        EV:  8    Int:  9    God:
Gold:   0          SH:  4    Dex: 12    Spells: 0/0 levels left

rFire   . . .        a - +0 war axe
rCold   . . .        c - +0 buckler
rNeg    . . .        b - +0 scale mail
rPois   .            (no helmet)
rElec   .            (no cloak)
rCorr   .            (no gloves)
SInv    .            (no boots)
Will    .....        (no amulet) Stlth
                     (no ring)
HPRegen 0.23/turn    (no ring)
MPRegen 0.07/turn

%: no passive effects
@: no status effects
A: no striking features
a: no special abilities


You were on level 1 of the Dungeon.
You visited 1 branch of the dungeon, and saw 1 of its levels.

Inventory:

Hand Weapons
 a - a +0 war axe (weapon)
Armour
 b - a +0 scale mail (worn)
 c - a +0 buckler (worn)
Scrolls
 e - a scroll of identify {unknown}
Potions
 d - a potion of might


   Skills:
 - Level 3.0 Fighting
 + Level 2.0 Axes
 - Level 2.6 Armour
 - Level 2.6 Shields


You couldn't memorise any spells.
You didn't know any spells.
Your spell library was empty.

Dungeon Overview and Level Annotations

Branches:
Dungeon (1/15)

Altars:


Message History

You are too injured to fight recklessly!
You are too injured to fight recklessly!
You are too injured to fight recklessly!
You are too injured to fight recklessly!
You closely miss the kobold. The kobold barely misses you.
The kobold hits you with a +3 short sword of holy wrath.
You convulse.
A rat comes into view.
You take 5 damage, and have 7/18 hp.
MASSIVE DAMAGE!!
You closely miss the kobold. The kobold barely misses you.
You barely miss the endoplasm. You barely miss the kobold.
The endoplasm hits you. You block the kobold's attack.
The kobold closely misses you.
The endoplasm hits you but does no damage.
You hit the endoplasm.
The endoplasm is lightly wounded.
You closely miss the kobold. The endoplasm barely misses you.
The kobold hits you with a +3 short sword of holy wrath.
You convulse.
* * * LOW HITPOINT WARNING * * *
You take 2 damage, and have 5/18 hp.
You hit the endoplasm but do no damage.
The endoplasm is lightly wounded.
You closely miss the kobold. The endoplasm barely misses you.
The kobold hits you with a +3 short sword of holy wrath.
* * * LOW HITPOINT WARNING * * *
You convulse.
* * * LOW HITPOINT WARNING * * *
You take 4 damage, and have 1/18 hp.
MASSIVE DAMAGE!!
You hit the endoplasm.
The endoplasm is severely wounded.
You barely miss the kobold. You block the kobold's attack.
The endoplasm closely misses you. The kobold hits you but does no damage.
The rat bites you but does no damage. You block the endoplasm's attack.
You barely miss the endoplasm.
The endoplasm is severely wounded.
You barely miss the rat. You hit the kobold but do no damage.
The rat closely misses you. The endoplasm closely misses you.
The kobold hits you with a +3 short sword of holy wrath.
You die...

)..### ##...##
###..# ##.###
#...# #
###.######### .#
#.........# ..#..
#########.##......
#.@Jw$...#
.)$....rK>#...#
########..... .
......) .......
.###..# ## ... ..


You could see a dart slug, an endoplasm, a kobold and a rat.

Vanquished Creatures
  A goblin (D:1)
  A kobold (D:1)
2 creatures vanquished.

Notes
Turn   | Place    | Note
-------+----------+-------------------------------------------
     0 | D:1      | Dirtsage the Demonspawn Fighter began the quest for the
                  | Orb.
     0 | D:1      | Reached XP level 1. HP: 18/18 MP: 1/1
    88 | D:1      | Slain by a kobold

Illustrated notes

Levels and vault maps discovered:
D:1:      sevenhm_arrival_forest_fort_large_2, layout_rooms, minmay_surrounded

Skill      XL: |  1 |
---------------+----+-----
Axes           | 2 |  2.0
Fighting       | |  3.0
Armour         | |  2.6
Shields        | |  2.6

Action                     || total
---------------------------++-------
  Melee: War axe           ||    11
 Armour: Scale mail        ||    12
  Dodge: Dodged            ||     9
  Block: Buckler           ||     4

Table legend: (Time is in decaauts)
 A = Elapsed time spent in this place.
 B = Non-inter-level travel time spent in this place.
 C = Inter-level travel time spent in this place.
 D = Time resting spent in this place.
 E = Time spent auto-exploring this place.
 F = Levels seen in this place.
 G = Mean time per level.
                   A        B        C        D        E       F      G
               +--------+--------+--------+--------+--------+-----+--------+
         Total |     92 |     92 |      0 |      0 |     67 |   1 |   92.0 |
       Dungeon |     92 |     92 |      0 |      0 |     67 |   1 |   92.0 |
               +--------+--------+--------+--------+--------+-----+--------+

Top non-repeatable levels by time:
     D:1: 92 daAuts
